 Dungeon Crawl Stone Soup version 0.30-a0-176-gdd20fb75b6 (webtiles) character file.

Game seed: 3344918774561279009

68 Caerun the Grasshopper (level 4, 0/38 HPs)
             Began as a Gnoll Warper on Oct 2, 2022.
             Slain by a gnoll
             ... wielding a +0 flail
              (2 damage)
             ... on level 6 of the Dungeon.
             The game lasted 00:04:44 (2094 turns).

Caerun the Grasshopper (Gnoll Warper)               Turns: 2094, Time: 00:04:45

Health: 0/38       AC:  4    Str: 12    XL:     4   Next: 19%
Magic:  11/11      EV: 12    Int: 13    God:
Gold:   110        SH:  0    Dex: 11    Spells: 11/13 levels left

rFire   . . .      SeeInvis .    a - +0 hand axe
rCold   . . .      Faith    .    (no shield)
rNeg    . . .      Spirit   .    n - +0 troll leather armour
rPois   .          Reflect  .    k - +0 hat
rElec   .          Harm     .    (no cloak)
rCorr   .          Rampage  .    (no gloves)
Will    .....                    (no boots)
Stlth   +.........               (no amulet)
HPRegen 1.06/turn                (no ring)
MPRegen 0.12/turn                (no ring)

@: no status effects
A: fangs 1, strong nose, distributed training
a: no special abilities


You were on level 6 of the Dungeon.
You visited 1 branch of the dungeon, and saw 4 of its levels.

You collected 110 gold pieces.

Inventory:

Hand Weapons
 a - a +0 hand axe (weapon)
Missiles
 d - 5 boomerangs of dispersal (quivered)
 g - 5 boomerangs
Armour
 k - a +0 hat (worn)
 n - a +0 troll leather armour (worn)
Magical Staves
 m - a staff of conjuration
 p - a staff of poison
Scrolls
 c - a scroll of blinking
 e - a scroll of immolation {unknown}
 f - a scroll of enchant armour {unknown}
 j - a scroll of fear {unknown}
 o - 2 scrolls of identify {unknown}
 q - a scroll of silence {unknown}
 r - a scroll of poison {unknown}
 s - a scroll of vulnerability {unknown}
Potions
 b - a potion of magic {unknown}
 h - 2 potions of mutation {unknown}
 i - a potion of attraction {unknown}
 l - a potion of curing {unknown}
 t - a potion of flight {unknown}


   Skills:
 + Level 4.6 Fighting
 + Level 1.1 Short Blades
 + Level 1.1 Long Blades
 + Level 4.6 Axes
 + Level 1.1 Maces & Flails
 + Level 1.1 Polearms
 + Level 1.1 Staves
 + Level 1.1 Ranged Weapons
 + Level 2.7 Throwing
 + Level 2.7 Armour
 + Level 4.6 Dodging
 + Level 1.1 Stealth
 + Level 1.1 Shields
 + Level 1.1 Unarmed Combat
 + Level 5.0 Spellcasting
 + Level 0.8 Conjurations
 + Level 0.8 Hexes
 + Level 0.8 Summonings
 + Level 0.8 Necromancy
 + Level 5.4 Translocations
 + Level 0.8 Transmutations
 + Level 0.8 Fire Magic
 + Level 0.8 Ice Magic
 + Level 0.8 Air Magic
 + Level 0.8 Earth Magic
 + Level 0.8 Poison Magic
 + Level 1.2 Invocations
 + Level 1.1 Evocations


You had 11 spell levels left.
You knew the following spells:

 Your Spells              Type           Power      Damage    Failure   Level
a - Blink                 Tloc           34%        N/A       3%          2

Your spell library contained the following spells:

 Spells                   Type           Power      Damage    Failure   Level
 Gell's Gravitas          Tloc           17%        N/A       8%          3
 Lesser Beckoning         Tloc           17%        N/A       8%          3
 Teleport Other           Tloc           17%        N/A       8%          3
 Summon Small Mammal      Summ           20%        N/A       17%         1
 Manifold Assault         Tloc           17%        N/A       24%         4
 Call Canine Familiar     Summ           5%         N/A       45%         3
 Summon Guardian Golem    Hex/Summ       5%         N/A       45%         3


Dungeon Overview and Level Annotations

Branches:
Dungeon (3/15)

Altars:
Nemelex Xobeh


Innate Abilities, Weirdness & Mutations

You have very sharp teeth.
Your uncanny sense of smell can sniff out nearby items.
Your experience applies equally to all skills.


Message History

The gnoll closely misses you.
You hit the gnoll.
The gnoll is severely wounded.
The gnoll hits you with a +0 flail!
* * * LOW HITPOINT WARNING * * *
You closely miss the gnoll.
The gnoll is severely wounded.
The gnoll completely misses you.
You hit the gnoll but do no damage. You bite the gnoll, but do no damage.
The gnoll is severely wounded.
The gnoll hits you with a +0 flail.
* * * LOW HITPOINT WARNING * * *
You hit the gnoll but do no damage.
The gnoll is severely wounded.
The gnoll closely misses you.
You hit the gnoll but do no damage. You bite the gnoll, but do no damage.
The gnoll is severely wounded.
The gnoll closely misses you.
You hit the gnoll but do no damage.
The gnoll is severely wounded.
The gnoll hits you with a +0 flail.
* * * LOW HITPOINT WARNING * * *
You barely miss the gnoll. You bite the gnoll.
The gnoll is severely wounded.
You hear the slow rusting of a very distant drain.
The gnoll closely misses you.
Throw: 7 boomerangs (disperse)
Press: ? - help, Q - select action, (/) - cycle Shift-Dir - straight line, f - gnoll
Aim: a gnoll, wielding a +0 flail (severely wounded, 63% to hit)
You throw a boomerang of dispersal.
The boomerang of dispersal closely misses the gnoll.
The gnoll hits you with a +0 flail!
* * * LOW HITPOINT WARNING * * *
Throw: 6 boomerangs (disperse)
Press: ? - help, Q - select action, (/) - cycle Shift-Dir - straight line, f/p - gnoll
Aim: a gnoll, wielding a +0 flail (severely wounded, 63% to hit)
You throw a boomerang of dispersal.
The boomerang of dispersal closely misses the gnoll.
The gnoll hits you with a +0 flail.
You die...

#..#~~~~### ###~~~#####
##.###~~~~#####~~~~~~~~~##
#...###~~~~~~~~~#####~~~~
###.# #####~~~### #~~##
#.#### ###########~~~#
#....# #~~~~~####
####.#############~~~~~
#..~~~~~~#######~~
#@####~~~~~~~~~~#~ #g#
############# ..# #...
####


You could see a gnoll.

Vanquished Creatures
  An adder (D:2)
  2 gnolls (D:6)
  A worm (D:3)
  3 bats
  6 endoplasms
  6 goblins
  3 hobgoblins
  5 kobolds
  A quokka (D:1)
  2 ball pythons
  A frilled lizard (D:1)
  2 rats
33 creatures vanquished.

Notes
Turn   | Place    | Note
-------+----------+-------------------------------------------
     0 | D:1      | Caerun the Gnoll Warper began the quest for the Orb.
     0 | D:1      | Reached XP level 1. HP: 20/20 MP: 6/6
   171 | D:1      | Reached XP level 2. HP: 18/26 MP: 7/7
   868 | D:1      | Found a faded altar of an unknown god.
   989 | D:2      | Found a sparkling altar of Nemelex Xobeh.
  1237 | D:2      | Reached skill level 5 in Spellcasting
  1237 | D:2      | Reached XP level 3. HP: 31/31 MP: 7/9
  1444 | D:2      | Reached skill level 1 in Invocations
  1966 | D:3      | Reached skill level 1 in Short Blades
  1966 | D:3      | Reached skill level 1 in Long Blades
  1966 | D:3      | Reached skill level 1 in Maces & Flails
  1966 | D:3      | Reached skill level 1 in Polearms
  1966 | D:3      | Reached skill level 1 in Staves
  1966 | D:3      | Reached skill level 1 in Ranged Weapons
  1966 | D:3      | Reached skill level 1 in Stealth
  1966 | D:3      | Reached skill level 1 in Shields
  1966 | D:3      | Reached skill level 1 in Unarmed Combat
  1966 | D:3      | Reached skill level 1 in Evocations
  1969 | D:3      | Learned a level 2 spell: Blink
  2016 | D:3      | You fall into a shaft and drop 3 floors!
  2081 | D:6      | Reached XP level 4. HP: 23/38 MP: 11/11
  2093 | D:6      | HP: 1/38 [gnoll/+0 flail (10)]
  2094 | D:6      | Slain by a gnoll

Illustrated notes

Levels and vault maps discovered:
D:1:      eino_arrival_druids_welcome, layout_basic, serial_corexii_hall,
          chequers_hall_statues_wall_a, corexii_hall_statues_t,
          corexii_hall_statues_l, chequers_hall_statues_wall_a,
          shapermc_ecumenical_altar_petra
D:2:      layout_basic, basic_altar
D:3:      layout_loops_ring
D:6:      layout_rooms, mainiacjoe_overflow_catwalk, temple_fountains,
          ebering_ghost_sewer_f, portal_sewer_entry_f, columned_hall_lemuel,
          minmay_hedge_maze, hellmonk_bongcloud_opening,
          chequers_serial_rivers_large_b

Skill      XL: |  1  2  3 |
---------------+----------+-----
Spellcasting   | 5 |  5.0
Invocations    | 1 |  1.2
Short Blades   | 1 |  1.1
Long Blades    | 1 |  1.1
Maces & Flails | 1 |  1.1
Polearms       | 1 |  1.1
Staves         | 1 |  1.1
Ranged Weapons | 1 |  1.1
Stealth        | 1 |  1.1
Shields        | 1 |  1.1
Unarmed Combat | 1 |  1.1
Evocations     | 1 |  1.1
Fighting       | |  4.6
Axes           | |  4.6
Throwing       | |  2.7
Armour         | |  2.7
Dodging        | |  4.6
Conjurations   | |  0.8
Hexes          | |  0.8
Summonings     | |  0.8
Necromancy     | |  0.8
Translocations | |  5.4
Transmutations | |  0.8
Fire Magic     | |  0.8
Ice Magic      | |  0.8
Air Magic      | |  0.8
Earth Magic    | |  0.8
Poison Magic   | |  0.8

Action                   |  1- 3 |  4- 6 || total
-------------------------+-------+-------++-------
Melee: Hand axe          |    96 |    12 ||   108
       Bite              |     3 |     3 ||     6
Throw: Boomerang         |       |     2 ||     2
 Stab: Sleeping          |     1 |       ||     1
Armor: Leather armour    |    10 |       ||    10
       Troll leather arm |    10 |       ||    10
Dodge: Dodged            |    57 |     6 ||    63

Table legend: (Time is in decaauts)
 A = Elapsed time spent in this place.
 B = Non-inter-level travel time spent in this place.
 C = Inter-level travel time spent in this place.
 D = Time resting spent in this place.
 E = Time spent auto-exploring this place.
 F = Levels seen in this place.
 G = Mean time per level.
                   A        B        C        D        E       F      G
               +--------+--------+--------+--------+--------+-----+--------+
         Total |   2125 |   2069 |     56 |      0 |   1704 |   4 |  531.2 |
       Dungeon |   2125 |   2069 |     56 |      0 |   1704 |   4 |  531.2 |
               +--------+--------+--------+--------+--------+-----+--------+

Top non-repeatable levels by time:
     D:2: 977 daAuts
     D:1: 960 daAuts
     D:6: 103 daAuts
     D:3: 84 daAuts
